General information
- name: BNet
- type: Ladder team game (AT/RT)
- host: Battle.net
- saver: nutsonyochin.de
map: UpperKingdom
- players: 6
- length: 40:10
- speed: Fast
- version: 1.21 W3XP
- replay type:

» download(277 KB)
Players
team 1 (winner)
AlasPoorYorick (
red | 95 APM | 3799 actions | 40:08)
6 Keeper of the Grove
3 Entangling Roots
2 Thorns Aura
1 Tranquility
5 Priestess of the Moon
3 Trueshot Aura
2 Searing Arrows
» actions
| Assign group hotkey | 25 | |
| Basic commands | 290 | |
| Build / train | 85 | |
| ESC pressed | 7 | |
| Enter build submenu | 37 | |
| Enter hero's abilities submenu | 14 | |
| Give item / drop item | 1 | |
| Remove unit from queue | 1 | |
| Right click | 1765 | |
| Select / deselect | 737 | |
| Select group hotkey | 705 | |
| Use ability | 131 | |
3799 total
» units
| Wisp | 45 | |
| Archer | 1 | |
| Dryad | 2 | |
| Druid of the Claw | 7 | |
| Magnataur Warrior | 1 | |
56 total
» upgrades
| Nature's Blessing | 1 | |
| Abolish Magic | 1 | |
| Druid of the Claw Training | 2 | |
| Mark of the Claw | 1 | |
| Strength of the Wild | 2 | |
| Reinforced Hides | 2 | |
| Ultravision | 1 | |
| Well Spring | 1 | |
| Backpack | 1 | |
12 total
» buildings
| Moon Well | 10 | |
| Tree of Life | 4 | |
| Ancient of War | 7 | |
| Altar of Elders | 2 | |
| Tree of Ages | 2 | |
| Hunter's Hall | 2 | |
| Ancient of Lore | 4 | |
| Tree of Eternity | 1 | |
| Ancient of Wonders | 1 | |
33 total
» build order
00:18 Moon Well
01:08 Tree of Life
01:20 Ancient of War
01:55 Ancient of War
03:19 Ancient of War
03:34 Altar of Elders
05:05 Moon Well
05:15 Ancient of War
05:17 Ancient of War
05:22 Ancient of War
05:43 Ancient of War
06:30 Moon Well
07:26 Tree of Ages
09:37 Moon Well
10:35 Hunter's Hall
12:02 Ancient of Lore
12:06 Ancient of Lore
13:17 Tree of Life
13:31 Ancient of Lore
13:42 Ancient of Lore
16:34 Tree of Life
23:04 Moon Well
23:24 Altar of Elders
24:15 Moon Well
24:44 Moon Well
25:17 Moon Well
26:22 Tree of Ages
27:59 Hunter's Hall
28:12 Moon Well
29:11 Tree of Eternity
29:47 Ancient of Wonders
30:30 Tree of Life
32:20 Moon Well
nutsonyochin.de (
green | 132 APM | 5302 actions | 40:10)
7 Archmage
3 Summon Water Elemental
3 Brilliance Aura
1 Mass Teleport
7 Mountain King
2 Storm Bolt
3 Bash
1 Avatar
1 Thunder Clap
» actions
| Assign group hotkey | 26 | |
| Basic commands | 114 | |
| Build / train | 140 | |
| ESC pressed | 5 | |
| Enter build submenu | 78 | |
| Enter hero's abilities submenu | 14 | |
| Give item / drop item | 4 | |
| Right click | 2145 | |
| Select / deselect | 427 | |
| Select group hotkey | 2091 | |
| Use ability | 257 | |
5302 total
» units
» upgrades
| Masonry | 3 | |
| Lumber Harvesting | 2 | |
| Magic Sentry | 1 | |
| Armor | 3 | |
| Animal War Training | 1 | |
| Swords | 3 | |
| Storm Hammers | 1 | |
| Barrage | 1 | |
| Fragmentation Shards | 1 | |
| Flak Cannons | 1 | |
| Flare | 1 | |
| Gunpowder | 2 | |
| Plating | 2 | |
22 total
» buildings
| Altar of Kings | 1 | |
| Farm | 13 | |
| Lumber Mill | 1 | |
| Scout Tower | 69 | |
| Guard Tower | 35 | |
| Keep | 1 | |
| Arcane Tower | 3 | |
| Arcane Sanctum | 1 | |
| Blacksmith | 1 | |
| Arcane Vault | 1 | |
| Castle | 2 | |
| Town Hall | 3 | |
| Gryphon Aviary | 2 | |
| Barracks | 1 | |
| Workshop | 1 | |
135 total
» build order
00:06 Altar of Kings
00:09 Farm
00:44 Farm
01:22 Lumber Mill
01:27 Farm
02:05 Farm
04:04 Scout Tower
04:04 Scout Tower
04:05 Scout Tower
04:06 Scout Tower
04:06 Scout Tower
04:32 Guard Tower
04:33 Guard Tower
04:40 Guard Tower
04:41 Guard Tower
05:07 Scout Tower
05:08 Scout Tower
05:26 Scout Tower
05:26 Scout Tower
05:28 Scout Tower
05:30 Scout Tower
06:00 Guard Tower
06:04 Scout Tower
06:04 Scout Tower
06:11 Scout Tower
06:12 Scout Tower
06:26 Keep
06:28 Arcane Tower
06:45 Guard Tower
07:05 Guard Tower
07:05 Guard Tower
07:05 Guard Tower
07:06 Guard Tower
07:14 Guard Tower
09:06 Arcane Sanctum
09:27 Scout Tower
09:27 Scout Tower
09:39 Scout Tower
09:40 Scout Tower
09:41 Scout Tower
09:42 Scout Tower
09:44 Scout Tower
09:45 Scout Tower
09:56 Guard Tower
10:11 Blacksmith
10:19 Arcane Vault
10:24 Guard Tower
10:27 Guard Tower
10:35 Scout Tower
10:37 Scout Tower
10:38 Scout Tower
10:40 Scout Tower
10:41 Scout Tower
10:49 Guard Tower
11:09 Guard Tower
11:18 Guard Tower
11:22 Castle
12:21 Town Hall
12:23 Scout Tower
12:24 Scout Tower
12:26 Scout Tower
12:27 Scout Tower
12:28 Scout Tower
12:29 Scout Tower
12:30 Scout Tower
12:30 Scout Tower
12:31 Scout Tower
12:32 Scout Tower
12:34 Scout Tower
12:34 Scout Tower
12:36 Scout Tower
12:46 Guard Tower
13:06 Gryphon Aviary
13:07 Gryphon Aviary
13:15 Barracks
13:43 Farm
13:43 Farm
13:48 Farm
13:49 Farm
13:57 Farm
13:58 Farm
14:01 Farm
14:16 Guard Tower
14:16 Guard Tower
14:23 Guard Tower
14:23 Guard Tower
14:24 Guard Tower
14:25 Guard Tower
14:25 Guard Tower
16:30 Scout Tower
16:30 Scout Tower
16:34 Scout Tower
16:35 Scout Tower
16:40 Scout Tower
16:41 Scout Tower
16:42 Scout Tower
16:44 Scout Tower
16:47 Scout Tower
16:56 Scout Tower
16:57 Scout Tower
17:00 Guard Tower
17:17 Guard Tower
17:17 Guard Tower
17:36 Guard Tower
22:07 Scout Tower
22:10 Scout Tower
22:10 Scout Tower
22:21 Workshop
24:15 Guard Tower
24:38 Farm
24:39 Farm
28:25 Town Hall
28:29 Scout Tower
28:30 Scout Tower
28:31 Scout Tower
28:31 Scout Tower
28:32 Scout Tower
28:32 Scout Tower
28:33 Scout Tower
28:34 Scout Tower
30:38 Guard Tower
35:31 Scout Tower
35:31 Scout Tower
35:32 Scout Tower
35:33 Scout Tower
35:33 Scout Tower
35:34 Scout Tower
36:43 Arcane Tower
38:00 Arcane Tower
39:09 Town Hall
» items
| Staff of Sanctuary | 2 | |
| Scroll of Town Portal | 4 | |
| Orb of Fire | 1 | |
| Scroll of Regeneration | 1 | |
8 total
parastaennen.fi (
teal | 105 APM | 4229 actions | 40:08)
8 Archmage
3 Summon Water Elemental
3 Brilliance Aura
1 Mass Teleport
1 Blizzard
6 Mountain King
3 Storm Bolt
2 Bash
1 Avatar
» actions
| Assign group hotkey | 289 | |
| Basic commands | 54 | |
| Build / train | 118 | |
| Enter build submenu | 70 | |
| Enter hero's abilities submenu | 14 | |
| Right click | 2262 | |
| Select / deselect | 734 | |
| Select group hotkey | 364 | |
| Use ability | 324 | |
4229 total
» units
| Peasant | 50 | |
| Gryphon Rider | 8 | |
| Knight | 6 | |
64 total
» upgrades
| Masonry | 3 | |
| Lumber Harvesting | 2 | |
| Animal War Training | 1 | |
| Storm Hammers | 1 | |
| Swords | 1 | |
8 total
» buildings
| Altar of Kings | 3 | |
| Farm | 19 | |
| Lumber Mill | 2 | |
| Scout Tower | 30 | |
| Guard Tower | 17 | |
| Keep | 3 | |
| Castle | 1 | |
| Gryphon Aviary | 4 | |
| Blacksmith | 2 | |
| Town Hall | 2 | |
| Barracks | 3 | |
| Arcane Vault | 1 | |
| Arcane Tower | 2 | |
89 total
» build order
00:05 Altar of Kings
00:13 Farm
01:08 Farm
01:38 Farm
02:35 Lumber Mill
03:31 Scout Tower
03:59 Guard Tower
04:00 Scout Tower
04:20 Scout Tower
04:33 Scout Tower
04:43 Guard Tower
04:59 Keep
05:07 Scout Tower
05:35 Guard Tower
05:36 Scout Tower
05:51 Scout Tower
06:08 Guard Tower
06:10 Scout Tower
06:13 Scout Tower
06:26 Scout Tower
06:29 Scout Tower
06:29 Guard Tower
06:49 Guard Tower
06:51 Scout Tower
07:13 Guard Tower
07:14 Scout Tower
07:26 Guard Tower
07:27 Guard Tower
07:43 Guard Tower
07:45 Scout Tower
07:46 Scout Tower
07:57 Scout Tower
08:06 Scout Tower
08:49 Guard Tower
09:34 Guard Tower
09:36 Scout Tower
10:24 Guard Tower
10:25 Castle
10:28 Gryphon Aviary
10:30 Gryphon Aviary
10:34 Farm
10:34 Farm
12:13 Blacksmith
12:18 Farm
12:30 Scout Tower
12:34 Farm
13:40 Town Hall
13:46 Barracks
13:52 Scout Tower
13:56 Scout Tower
14:47 Guard Tower
15:02 Guard Tower
15:03 Guard Tower
16:40 Farm
16:49 Arcane Vault
17:17 Farm
21:08 Scout Tower
21:49 Town Hall
22:26 Gryphon Aviary
22:35 Gryphon Aviary
22:45 Farm
22:47 Farm
22:47 Farm
23:35 Farm
23:41 Scout Tower
23:42 Scout Tower
24:08 Keep
24:09 Barracks
24:10 Barracks
24:24 Altar of Kings
24:51 Blacksmith
24:54 Lumber Mill
24:57 Arcane Tower
25:02 Farm
25:33 Farm
25:34 Scout Tower
26:21 Scout Tower
26:22 Scout Tower
26:25 Keep
27:17 Guard Tower
28:28 Altar of Kings
28:40 Farm
28:41 Farm
29:06 Farm
29:07 Farm
35:39 Scout Tower
35:40 Scout Tower
35:45 Scout Tower
36:48 Arcane Tower
» items
| Potion of Healing | 1 | |
| Scroll of Town Portal | 2 | |
| Staff of Sanctuary | 2 | |
| Scroll of Regeneration | 2 | |
7 total
team 2 (loser)
Activere (
pink | 31 APM | 1230 actions | 40:07)
7 Paladin
3 Holy Light
3 Divine Shield
1 Resurrection
» actions
| Assign group hotkey | 54 | |
| Build / train | 61 | |
| Enter build submenu | 18 | |
| Enter hero's abilities submenu | 8 | |
| Right click | 632 | |
| Select / deselect | 254 | |
| Select group hotkey | 147 | |
| Use ability | 56 | |
1230 total
» units
| Peasant | 9 | |
| Rifleman | 18 | |
| Spell Breaker | 7 | |
34 total
» upgrades
» buildings
| Altar of Kings | 1 | |
| Farm | 10 | |
| Blacksmith | 1 | |
| Barracks | 2 | |
| Keep | 1 | |
| Arcane Vault | 1 | |
| Arcane Sanctum | 1 | |
| Castle | 1 | |
| Workshop | 1 | |
19 total
» build order
00:27 Altar of Kings
00:40 Farm
01:16 Blacksmith
01:31 Barracks
01:44 Farm
03:12 Farm
04:49 Farm
05:35 Farm
06:34 Farm
09:35 Keep
09:55 Barracks
10:36 Farm
10:44 Farm
11:01 Arcane Vault
11:15 Farm
14:22 Arcane Sanctum
17:01 Farm
22:17 Castle
24:22 Workshop
» items
| Lesser Clarity Potion | 2 | |
| Scroll of Town Portal | 3 | |
| Potion of Healing | 3 | |
| Potion of Mana | 1 | |
| Scroll of Regeneration | 4 | |
13 total
Daniel_Havlicek (
yellow | 41 APM | 1546 actions | 37:26)
8 Crypt Lord
3 Carrion Beetles
3 Spiked Carapace
1 Locust Swarm
1 Impale
4 Death Knight
2 Death Coil
2 Unholy Aura
» actions
| Assign group hotkey | 35 | |
| Build / train | 97 | |
| Enter build submenu | 18 | |
| Enter hero's abilities submenu | 13 | |
| Remove unit from queue | 1 | |
| Right click | 606 | |
| Select / deselect | 572 | |
| Select group hotkey | 152 | |
| Use ability | 50 | |
1546 total
» units
| Acolyte | 15 | |
| Ghoul | 5 | |
| Crypt Fiend | 31 | |
| Gargoyle | 3 | |
| Obsidian Statue | 4 | |
| Abomination | 5 | |
63 total
» upgrades
| Web | 2 | |
| Burrow | 1 | |
| Creature Attack | 1 | |
| Creature Carapace | 1 | |
5 total
» buildings
| Crypt | 2 | |
| Ziggurat | 12 | |
| Altar of Darkness | 1 | |
| Graveyard | 1 | |
| Nerubian Tower | 5 | |
| Tomb of Relics | 1 | |
| Halls of the Dead | 1 | |
| Slaughterhouse | 1 | |
| Black Citadel | 1 | |
25 total
» build order
00:27 Crypt
00:30 Ziggurat
01:01 Altar of Darkness
01:20 Graveyard
01:24 Nerubian Tower
02:01 Ziggurat
02:18 Tomb of Relics
02:40 Ziggurat
07:04 Halls of the Dead
07:41 Ziggurat
08:20 Ziggurat
08:20 Ziggurat
09:12 Crypt
09:20 Ziggurat
12:33 Slaughterhouse
14:47 Ziggurat
14:47 Ziggurat
14:48 Ziggurat
17:38 Black Citadel
32:45 Nerubian Tower
32:47 Nerubian Tower
32:48 Nerubian Tower
35:14 Ziggurat
» items
| Potion of Healing | 3 | |
| Scroll of Healing | 1 | |
| Potion of Mana | 2 | |
| Sacrificial Skull | 1 | |
7 total
Joseff (
orange | 72 APM | 2708 actions | 37:31)
5 Death Knight
3 Death Coil
2 Unholy Aura
2 Paladin
2 Devotion Aura
» actions
| Assign group hotkey | 33 | |
| Build / train | 73 | |
| Enter build submenu | 18 | |
| Enter hero's abilities submenu | 7 | |
| Remove unit from queue | 4 | |
| Right click | 1441 | |
| Select / deselect | 667 | |
| Select group hotkey | 375 | |
| Use ability | 90 | |
2708 total
» units
| Acolyte | 4 | |
| Ghoul | 7 | |
| Crypt Fiend | 26 | |
| Meatwagon | 8 | |
| Obsidian Statue | 1 | |
46 total
» upgrades
| Creature Attack | 1 | |
| Web | 1 | |
| Unholy Strength | 1 | |
3 total
» buildings
| Altar of Darkness | 2 | |
| Crypt | 1 | |
| Ziggurat | 8 | |
| Graveyard | 1 | |
| Tomb of Relics | 1 | |
| Nerubian Tower | 2 | |
| Halls of the Dead | 1 | |
| Slaughterhouse | 2 | |
18 total
» build order
00:32 Altar of Darkness
00:36 Crypt
00:41 Ziggurat
01:02 Graveyard
01:19 Ziggurat
01:57 Tomb of Relics
03:32 Nerubian Tower
03:38 Nerubian Tower
06:20 Ziggurat
06:24 Ziggurat
09:25 Ziggurat
10:44 Halls of the Dead
12:16 Altar of Darkness
13:52 Slaughterhouse
13:58 Ziggurat
14:00 Slaughterhouse
14:41 Ziggurat
16:51 Ziggurat
» items
| Potion of Healing | 7 | |
| Potion of Mana | 1 | |
| Rod of Necromancy | 1 | |
9 total
Chat log
(00:03 / All) parastaennen.fi: stop
(00:44 / All) nutsonyochin.de: stop lag NOW
(00:46 / All) parastaennen.fi: stop the game stop stop
(00:47 / All) parastaennen.fi: no cease
(01:04 / All) nutsonyochin.de: hold on one sec
(01:10 / All) Joseff: HE ?
(37:27 / All) parastaennen.fi: how u doing